 Dungeon Crawl Stone Soup version 0.26.1-2-gb8aa6d0cf2 (webtiles) character file.

Game seed: 17140641473418254816

1473965 nightchill the Impregnable (level 27, 209/209 HPs)
             Began as a Halfling Berserker on Feb 24, 2021.
             Was a High Priest of Trog.
             Escaped with the Orb
             ... and 3 runes on Feb 28, 2021!
             The game lasted 06:54:05 (99228 turns).

nightchill the Impregnable (Halfling Berserker)    Turns: 99228, Time: 06:54:05

Health: 209/209    AC: 37    Str: 32    XL:     27
Magic:  20/20      EV: 25    Int:  3    God:    Trog [*****.]
Gold:   6247       SH: 24    Dex: 27    Spells: 26/26 levels left

rFire    + + +     SeeInvis +   a - +10 war axe of Fate {vorpal, rF++ Dex+3}
rCold    + + .     Faith    .   n - +5 kite shield {reflect}
rNeg     + . .     Spirit   .   N - +1 gold dragon scales
rPois    +         Reflect  +   m - +2 hat
rElec    +         Harm     .   x - scarf {rC+ rF+}
rCorr    .         Rampage  .   X - +3 pair of gauntlets of War {Slay+5}
Will     +++..                  d - +2 pair of boots {run}
Stlth    ..........             O - amulet of the Cricket {Acrobat rElec Int+4 Stlth-}
HPRegen  0.44/turn              A - ring of Ephemeral Luck {Will+ Str+7 Int-4 SInv Stlth+}
MPRegen  0.17/turn              K - ring "Neruih" {rN+ Dex+6}

@: quick
A: small, deterioration 2, dopey 2, low mp 1, mutation resistance 1
0: Orb of Zot
}: 3/15 runes: serpentine, barnacled, silver
a: Renounce Religion, Berserk, Trog's Hand, Brothers in Arms


You escaped.
You worshipped Trog.
Trog was extremely pleased with you.
You visited 10 branches of the dungeon, and saw 49 of its levels.
You also visited: Bailey and Ice Cave.

You collected 9550 gold pieces.
You spent 3303 gold pieces at shops.

Inventory:

Hand Weapons
 a - the +10 war axe of Fate (weapon) {vorpal, rF++ Dex+3}
   (You acquired it on level 1 of the Elven Halls)

   It inflicts extra damage upon your enemies.
   It affects your dexterity (+3).
   It greatly protects you from fire.
 b - a +9 war axe of electrocution
 o - a +9 war axe of freezing
Missiles
 s - 6 throwing nets
 P - 24 atropa-tipped darts
 Q - 2 curare-tipped darts
Armour
 d - a +2 pair of boots of running (worn)
 m - a +2 hat (worn)
 n - a +5 kite shield of reflection (worn)
 v - a scarf of invisibility
 x - a scarf of resistance (worn)
 N - +1 gold dragon scales (worn)
 X - the +3 pair of gauntlets of War (worn) {Slay+5}
   (You bought it in a shop on level 2 of the Orcish Mines)

   It affects your accuracy and damage with ranged weapons and melee attacks
   (+5).
Jewellery
 g - a +4 ring of slaying
 A - the ring of Ephemeral Luck (left hand) {Will+ Str+7 Int-4 SInv Stlth+}
   (You found it on level 9 of the Dungeon)

   [ring of see invisible]

   It affects your strength (+7).
   It affects your intelligence (-4).
   It affects your willpower, your defense against some magical effects.
   It lets you see invisible.
   It makes you more stealthy.
 B - an uncursed ring of protection from cold
 I - an uncursed ring of resist corrosion
 K - the ring "Neruih" (right hand) {rN+ Dex+6}
   (You acquired it on level 4 of the Depths)

   [ring of positive energy]

   It affects your dexterity (+6).
   It protects you from negative energy.
 O - the amulet of the Cricket (around neck) {Acrobat rElec Int+4 Stlth-}
   (You found it on level 4 of the Depths)

   [amulet of the acrobat]

   It helps you evade while moving and waiting.
   It affects your intelligence (+4).
   It insulates you from electricity.
   It makes you less stealthy.
 T - an uncursed ring of flight
Wands
 c - a wand of polymorph (25)
 l - a wand of enslavement (40)
 H - a wand of digging (20)
 R - a wand of acid (33)
 V - a wand of disintegration (37)
 W - a wand of paralysis (25)
Scrolls
 e - 26 scrolls of remove curse
 h - 21 scrolls of teleportation
 k - 5 scrolls of magic mapping
 u - 2 scrolls of holy word
 y - 5 scrolls of immolation
 C - 6 scrolls of vulnerability
 D - a scroll of summoning
 E - 14 scrolls of fog
 F - 4 scrolls of blinking
 L - 10 scrolls of fear
 M - a scroll of enchant weapon
 S - a scroll of silence
 U - 7 scrolls of identify
Potions
 i - 3 potions of cancellation
 j - 5 potions of might
 q - 21 potions of curing
 t - 6 potions of lignification
 G - 5 potions of resistance
 J - 2 potions of ambrosia
 Y - 4 potions of haste
 Z - 8 potions of heal wounds
Miscellaneous
 f - a box of beasts
 p - a condenser vane
 r - a phial of floods
 w - a phantom mirror
 z - a lightning rod (4/4)


   Skills:
 + Level 22.7 Fighting
 - Level 16.0 Axes
 - Level 6.0 Throwing
 + Level 25.1 Armour
 + Level 16.3 Dodging
 - Level 21.0 Shields
 + Level 23.5 Evocations


You had 26 spell levels left.
You didn't know any spells.
Your spell library contained the following spells:

 Spells                   Type           Power        Failure   Level
 Summon Guardian Golem    Hex/Summ       0%           100%        3
 Fulminant Prism          Conj/Hex       0%           100%        4


Dungeon Overview and Level Annotations

Branches:
Dungeon (15/15)            Temple (1/1) D:7            Lair (5/6) D:11
 Shoals (4/4) Lair:4        Snake (4/4) Lair:3          Orc (2/2) D:10
    Elf (3/3) Orc:2        Vaults (5/5) D:13          Crypt (0/3) Vaults:3
 Depths (5/5) D:15            Zot (5/5) Depths:5     Bailey (visited)
  IceCv (visited)
  Slime: Lair:5-6

Altars:
Ashenzari
Fedhas
Gozag
Hepliaklqana
Kikubaaqudgha
Nemelex Xobeh
Okawaru
Sif Muna
Trog
Vehumet
Wu Jian
Xom
The Shining One
Beogh

Shops:
D:4 [   D:7 =   Orc:2 [:(*[   Shoals:2 *   Snake:3 *:*[   Vaults:2 *?([=
Depths:2 *   Depths:5 (

Portals:
Hell: Depths:1 Depths:2 Depths:3 Depths:4 Depths:5
Abyss: Depths:4
Pandemonium: Depths:3
Ziggurat: Depths:5

Annotations:
D:2 exclusion: 3 upstairs
D:3 exclusion: 2 upstairs
D:4 exclusion: 2 upstairs
D:5 exclusion: 3 upstairs
D:6 exclusion: downstairs
D:7 exclusion: 2 upstairs
D:10 5 runed translucent doors, exclusion: 3 upstairs
D:11 exclusions: downstairs and upstairs
D:12 exclusion: 2 upstairs
D:13 exclusion: 2 upstairs
D:15 exclusion: 2 upstairs
Lair:2 1 runed translucent door, 3 exclusions
Lair:3 exclusion: oklob plant
Lair:4 exclusion: 2 oklob plants
Shoals:2 exclusion: oklob plant
Shoals:3 exclusion: downstairs, Roxanne
Snake:1 exclusion: door
Snake:2 exclusion: 2 downstairs
Snake:3 exclusion: downstairs
Elf:1 exclusion: downstairs
Elf:2 exclusion: downstairs
Elf:3 1 exclusion
Vaults:1 exclusion: 12 doors
Vaults:2 exclusions: 2 downstairs and 1 more exclusion
Vaults:5 !slow and steady
Depths:1 1 exclusion
Depths:2 3 runed translucent doors, exclusions: 3 doors, obsidian statue, 2 upstairs and 1 more exclusion, Cophel's ghost, adept TrMo
Depths:4 exclusion: downstairs
Depths:5 exclusions: 2 doors and 4 upstairs, antidepressant22's ghost, veteran GrFi
Zot:1 !slow and steady, 1 exclusion
Zot:2 !2 oof
Zot:3 !watch out also low int, 2 transporters, exclusion: downstairs, kuzco6543's ghost, legendary DEAE
Zot:5 !slooooooooooow MUTATE POTIONS


Innate Abilities, Weirdness & Mutations

You are small and have problems with some larger weapons.
You are somewhat resistant to further mutation.
Your body often deteriorates upon taking damage.
You are very dopey. (Int -4)
Your magical capacity is low. (-10% MP)


Message History

A mysterious force pulls you upwards. The hatch slams shut behind you.
Level annotation: exclusion: 3 upstairs
There is a stone staircase leading up here.
You climb upwards.
Level annotation: exclusion: 2 upstairs
There is a stone staircase leading down here.
There is a stone staircase leading up here.
You climb upwards.
Level annotation: exclusion: 2 upstairs
There is a stone staircase leading down here.
There is a stone staircase leading up here.
You climb upwards.
Level annotation: exclusion: 3 upstairs
There is a stone staircase leading down here.
There is a stone staircase leading up here.
You climb upwards.
There is a stone staircase leading down here.
You see here 8 arrows.
There is a staircase leading out of the dungeon here.
You have escaped!

#..# #.########.#
##.## #.# #..
#..########.# #..
#..##..##...# ##.
#..##..##...# #.
###..##..##.# #.
###..##..##.# ##
#..##..##...##########
#..##@.##.............
###..##..##.##########
###..##..##.#
#..##..##...#
#..##..##...#
#############


There were no monsters in sight!

Vanquished Creatures
  A seraph (D:11)
  5 orbs of fire
  10 ancient liches
  A juggernaut (Depths:3)
  3 Killer Klowns
  Vashnia (Snake:2)
  Bai Suzhen (Shoals:3)
  A caustic shrike (Depths:3)
  3 curse toes
  15 golden dragons
  2 electric golems (Zot:5)
  12 tentacled monstrosities
  Jorgrun (Orc:1)
  A lich (Vaults:5)
  4 titans
  25 Orb Guardians (Zot:5)
  4 deep elf blademasters
  Asterion (Vaults:3)
  5 quicksilver dragons
  6 sphinxes
  Frances (Snake:2)
  Polyphemus (Shoals:3)
  2 ancient champions (Vaults:3)
  7 shadow dragons
  12 tengu reavers
  15 storm dragons
  12 death cobs
  Agnes (Snake:4)
  Donald (Snake:3)
  6 draconian monks
  Kirke (Shoals:3)
  15 vault wardens
  8 nagarajas
  11 fire giants
  5 draconian knights
  3 iron dragons
  9 deep elf sorcerers
  2 ghost moths
  Aizul (Snake:2)
  8 frost giants
  2 orc warlords
  11 draconian stormcallers
  11 draconian scorchers
  12 draconian annihilators
  4 draconian shifters
  An angel (D:11)
  A reaper (Depths:4)
  5 deep elf elementalists
  19 very ugly things
  14 stone giants
  A war gargoyle (Vaults:5)
  A spriggan defender (Depths:3)
  9 black draconians
  3 deep elf demonologists
  Azrael (Snake:2)
  7 ironheart preservers
  4 vampire knights
  13 green draconians
  6 entropy weavers
  10 deep elf annihilators
  8 yellow draconians
  5 red draconians
  8 white draconians
  17 purple draconians
  14 spark wasps
  An entropy weaver (shapeshifter) (Vaults:5)
  8 deep elf death magi
  A merfolk javelineer (Shoals:4)
  8 ettins
  Josephine (Lair:4)
  2 jiangshi (Depths:1)
  6 deep elf high priests
  4 merfolk impalers
  17 ogre magi
  9 yaktaur captains
  13 ice dragons
  7 great orbs of eyes
  8 naga warriors
  A rakshasa (Depths:2)
  A hell beast (Zot:5)
  12 fire dragons
  5 boulder beetles
  32 vault guards
  6 hydras
  5 spriggan air magi
  An alligator snapping turtle (Shoals:4)
  Erica (Lair:1)
  9 centaur warriors
  Fannar (Lair:1)
  3 catoblepae
  2 merfolk aquamancers
  3 merfolk avatars
  7 deep troll shamans
  7 anacondas
  2 vampire magi
  21 dancing weapons
  A deep troll earth mage (Depths:2)
  3 spriggan berserkers (Depths:5)
  63 two-headed ogres
  Urug (Lair:2)
  2 orc high priests
  3 shock serpents
  5 death yaks
  15 naga sharpshooters
  A titan skeleton (Vaults:5)
  17 deep elf knights
  A fire crab (shapeshifter) (Depths:4)
  A large abomination (Elf:2)
  2 shadow wraiths
  A golden dragon zombie (Depths:2)
  A skeletal warrior (Vaults:1)
  A hell knight (Vaults:1)
  4 sea snakes
  A deep troll (shapeshifter) (Vaults:5)
  3 salamander mystics
  20 deep trolls
  A glowing orange brain (Depths:5)
  8 unseen horrors
  2 flayed ghosts
  15 deep elf archers
  A glowing orange brain (shapeshifter) (Depths:4)
  21 ironbrand convokers
  8 wizards
  An orange crystal statue (Depths:4)
  13 orc knights
  3 phantasmal warriors (Vaults:5)
  3 necromancers
  A lindwurm (shapeshifter) (Vaults:5)
  8 naga ritualists
  16 harpies
  A mana viper (shapeshifter) (Vaults:1)
  2 wolf spiders
  6 mana vipers
  67 deep elf magi
  An orb spider (shapeshifter) (Depths:4)
  A cyclops (shapeshifter) (Depths:4)
  A shining eye (shapeshifter) (Depths:1)
  8 orc sorcerers
  6 cyclopes
  A wolf spider (shapeshifter) (Vaults:1)
  2 fauns (shapeshifter) (Depths:4)
  59 ugly things
  8 manticores
  6 fauns
  10 salamanders
  3 salamanders (shapeshifter)
  18 moths of wrath
  2 ice statues (IceCv)
  3 merfolk sirens
  15 vault sentinels
  A black mamba (shapeshifter) (Depths:4)
  33 naga magi
  A guardian serpent (shapeshifter) (Depths:4)
  An elephant (Lair:2)
  6 centaur skeletons
  28 black mambas
  A gargoyle (D:15)
  4 water nymphs (Shoals:4)
  5 spectral swamp worms (Depths:3)
  A torpor snail (shapeshifter) (Vaults:1)
  9 cane toads
  A rime drake (Lair:4)
  10 freezing wraiths
  3 komodo dragons
  2 yaktaurs (shapeshifter) (Depths:4)
  9 ice devils
  41 yaktaurs
  A polar bear (shapeshifter) (Depths:4)
  4 tengu conjurers
  6 wind drakes
  6 trolls
  A jumping spider (Vaults:3)
  A wind drake (shapeshifter) (Elf:3)
  2 polar bears
  A queen bee (shapeshifter) (Vaults:5)
  8 hornets
  19 merfolk
  2 raiju (shapeshifter) (Depths:4)
  13 blink frogs
  4 raiju (D:12)
  24 slime creatures
  9 snapping turtles
  A meliai zombie (D:15)
  2 dream sheep (Shoals:4)
  9 redbacks
  8 air elementals
  A tarantella (shapeshifter) (Vaults:1)
  A yak (shapeshifter) (Vaults:2)
  A spriggan skeleton (Depths:2)
  An ettin skeleton (Depths:2)
  20 water elementals
  2 spriggans (shapeshifter)
  2 wyverns
  35 yaks
  A vampire (D:15)
  7 wraiths
  2 spriggans
  6 fire elementals
  2 basilisks
  A hog (shapeshifter) (Vaults:3)
  A basilisk (shapeshifter) (Vaults:4)
  A golden eye (shapeshifter) (Depths:4)
  5 vampire mosquitoes (D:15)
  2 hogs (Shoals:3)
  5 wargs
  2 nagas (shapeshifter)
  A soldier ant (D:10)
  25 nagas
  8 water moccasins
  2 hell hounds (Snake:3)
  3 sky beasts
  A floating eye (shapeshifter) (Depths:3)
  A floating eye (Depths:3)
  57 orc warriors
  2 eyes of draining (shapeshifter)
  7 black bears
  4 ice beasts
  48 ogres
  2 phantoms
  2 boggarts
  2 necrophages
  9 wolves
  2 eyes of draining
  An elf skeleton (Vaults:5)
  A human skeleton (Vaults:5)
  34 centaurs
  14 bullfrogs
  A big kobold (shapeshifter) (Depths:1)
  5 big kobolds
  3 earth elementals
  A gnoll sergeant (D:7)
  A water moccasin zombie (D:5)
  2 wyvern skeletons (D:13)
  A wyvern zombie (D:14)
  5 scorpions
  15 killer bees
  7 wights
  2 electric eels (Lair:2)
  4 howler monkeys
  2 centaur zombies
  A bullfrog zombie (D:13)
  A quasit (D:9)
  2 jellies (D:10)
  11 hounds
  24 orc wizards
  A gnoll shaman (D:10)
  25 orc priests
  2 bullfrog skeletons
  4 iguanas
  12 worker ants
  A hound skeleton (D:11)
  14 adders
  26 gnolls
  A shadow imp (D:5)
  11 white imps
  9 ufetubi
  An ooze (D:6)
  2 adder zombies (D:8)
  3 adder skeletons
  2 worms
  2 dart slugs
  4 leopard geckos
  101 orcs
  9 bats
  4 giant cockroaches
  7 goblins
  10 hobgoblins
  11 jackals
  6 quokkas
  A ball python (D:2)
  4 frilled lizards
  A giant cockroach zombie (D:5)
  13 kobolds
  A quokka zombie (D:8)
  6 rats
  3 crawling corpses (Elf:3)
2067 creatures vanquished.

Vanquished Creatures (collateral kills)
  An orb of fire (Zot:2)
  An ancient lich (Zot:5)
  Nikola (Snake:2)
  A tengu reaver (Vaults:5)
  A fire giant (Depths:5)
  A vault warden (Vaults:3)
  A deep elf sorcerer (Vaults:5)
  A deep elf elementalist (Elf:3)
  A reaper (IceCv)
  2 very ugly things (Depths:3)
  A black draconian (Zot:5)
  A deep elf annihilator (Elf:3)
  An ettin (Vaults:5)
  A deep elf high priest (Elf:3)
  A deep elf death mage (Vaults:5)
  2 merfolk javelineers (Shoals:4)
  A merfolk impaler (Shoals:4)
  A vault guard (Vaults:5)
  A boulder beetle (Vaults:3)
  A merfolk aquamancer (Shoals:4)
  An alligator snapping turtle (Shoals:4)
  4 dancing weapons (Elf:2)
  2 deep elf knights
  A deep elf archer (Vaults:3)
  An ugly thing (Vaults:3)
  A cyclops (D:11)
  4 deep elf magi
  An elephant (Lair:2)
  A merfolk siren (Shoals:4)
  A rime drake (Lair:2)
  A yaktaur (Vaults:3)
  2 merfolk (Shoals:3)
  4 slime creatures (Vaults:3)
  A naga (Snake:2)
  An orc warrior (D:11)
  A gnoll sergeant (D:7)
  An orc priest (D:11)
  A gnoll shaman (D:7)
  4 gnolls (D:7)
  A white imp (IceCv)
  An orc (D:11)
  2 jackals (D:7)
59 creatures vanquished.

Vanquished Creatures (others)
  An eldritch tentacle (Zot:5)
  A red draconian (Zot:1)
  A naga sharpshooter (Snake:4)
  A deep elf knight (Elf:2)
  A sea snake (Shoals:3)
  A deep elf mage (Elf:1)
  A manticore (Shoals:2)
  2 humans (Shoals:3)
  An orc wizard (Vaults:4)
  A white imp (IceCv)
  3 ufetubi (IceCv)
  An orc (Vaults:4)
  A bush (Lair:2)
  A crawling corpse (Elf:3)
  46 fungi
  81 plants
  9 toadstools (Lair:2)
153 creatures vanquished.

Grand Total: 2279 creatures vanquished

Notes
Turn   | Place    | Note
-------+----------+-------------------------------------------
     0 | D:1      | nightchill the Halfling Berserker began the quest for the
                  | Orb.
     0 | D:1      | Reached XP level 1. HP: 15/15 MP: 1/1
    46 | D:1      | Found an iron altar of Okawaru.
   467 | D:1      | Reached XP level 2. HP: 20/20 MP: 2/2
  1264 | D:2      | Reached XP level 3. HP: 26/26 MP: 3/3
  1419 | D:2      | Reached ** piety under Trog
  1603 | D:2      | Reached XP level 4. HP: 31/31 MP: 4/4
  2431 | D:3      | Found a faded altar of an unknown god.
  2447 | D:3      | Reached XP level 5. HP: 36/36 MP: 5/5
  2807 | D:3      | Reached *** piety under Trog
  3305 | D:4      | Reached skill level 5 in Axes
  3523 | D:4      | Found Wyxelem's Armour Boutique.
  3665 | D:4      | Reached XP level 6. HP: 39/43 MP: 6/6
  3877 | D:4      | Found an iron altar of Okawaru.
  3968 | D:5      | Entered Level 5 of the Dungeon
  4079 | D:5      | Noticed an ogre
  4099 | D:5      | Killed an ogre
  4100 | D:5      | Reached XP level 7. HP: 44/49 MP: 7/7
  4725 | D:5      | Found a shimmering altar of Xom.
  4815 | D:5      | Noticed a water moccasin
  4823 | D:5      | Killed a water moccasin
  5204 | D:6      | Reached skill level 5 in Fighting
  5204 | D:6      | Reached XP level 8. HP: 55/55 MP: 8/8
  6850 | D:7      | Reached **** piety under Trog
  6851 | D:7      | Reached XP level 9. HP: 33/62 MP: 9/9
  7093 | D:7      | Found a staircase to the Ecumenical Temple.
  7106 | Temple   | Entered the Ecumenical Temple
  7145 | D:7      | Got a transparent chain mail
  7334 | D:7      | Found Qieneom's Jewellery Shoppe.
  7454 | D:7      | Identified the +8 chain mail "Wyneta" {Harm rCorr SInv}
                  | (You found it on level 7 of the Dungeon)
  7906 | D:7      | Reached skill level 10 in Axes
  8811 | D:8      | Found a sparkling altar of Nemelex Xobeh.
  9135 | D:8      | Reached XP level 10. HP: 71/71 MP: 10/10
  9276 | D:8      | Found a blossoming altar of Fedhas.
 10047 | D:9      | Got a vibrating silver ring
 10738 | D:10     | Entered Level 10 of the Dungeon
 10857 | D:10     | Found a flagged portal.
 10870 | D:10     | Reached ***** piety under Trog
 10878 | Bailey   | Entered a bailey
 13381 | D:10     | Found a staircase to the Orcish Mines.
 13406 | D:10     | Reached XP level 11. HP: 78/78 MP: 11/11
 13476 | D:10     | Found a roughly hewn altar of Beogh.
 13819 | D:10     | Found the +9 staff of Olgreb {rPois∞}
 13864 | Orc:1    | Entered Level 1 of the Orcish Mines
 14302 | Orc:1    | Noticed an ettin
 14302 | Orc:1    | Noticed Jorgrun
 14340 | D:10     | Found a runed translucent gate.
 14340 | D:10     | Found a runed translucent gate.
 14341 | D:10     | Found a runed translucent door.
 14517 | D:10     | Found a runed translucent gate.
 14526 | D:10     | Found a runed translucent door.
 15049 | D:11     | Received a gift from Trog
 15099 | D:11     | Noticed a two-headed ogre
 15120 | D:11     | Killed a two-headed ogre
 15318 | D:11     | Noticed a cyclops
 15539 | D:11     | Reached skill level 10 in Fighting
 15541 | D:11     | Killed an unseen horror
 15653 | D:11     | Reached XP level 12. HP: 87/87 MP: 12/12
 16000 | D:11     | Found a staircase to the Lair.
 16122 | D:11     | Noticed a two-headed ogre
 16132 | D:11     | Killed a two-headed ogre
 16327 | Lair:1   | Entered Level 1 of the Lair of Beasts
 16327 | Lair:1   | Noticed Erica
 16339 | Lair:1   | Reached skill level 15 in Axes
 16347 | Lair:1   | Killed Erica
 16436 | Lair:1   | Noticed a five-headed hydra
 16450 | Lair:1   | Killed a five-headed hydra
 17030 | Lair:1   | Identified the ring of Ephemeral Luck {Will+ Str+7 Int-4
                  | SInv Stlth+} (You found it on level 9 of the Dungeon)
 18018 | Lair:1   | Reached skill level 1 in Shields
 18088 | Lair:1   | Noticed Fannar
 18103 | Lair:1   | Killed Fannar
 18104 | Lair:1   | Reached skill level 3 in Armour
 18586 | Lair:2   | Noticed an eight-headed hydra
 18708 | Lair:2   | Killed an eight-headed hydra
 18709 | Lair:2   | Reached skill level 4 in Armour
 18981 | Lair:2   | Reached XP level 13. HP: 91/95 MP: 13/13
 19404 | Lair:1   | Reached skill level 5 in Armour
 19502 | Lair:2   | Noticed Urug
 19516 | Lair:2   | Killed Urug
 19517 | Lair:2   | Reached skill level 5 in Shields
 19517 | Lair:2   | Reached skill level 1 in Evocations
 19691 | Lair:2   | Noticed a seven-headed hydra
 19742 | Lair:1   | Killed a seven-headed hydra
 19743 | Lair:1   | Reached skill level 6 in Armour
 19907 | Lair:2   | Noticed an eight-headed hydra
 19917 | Lair:2   | Killed an eight-headed hydra
 19918 | Lair:2   | Reached skill level 7 in Armour
 20852 | Lair:2   | Found a runed translucent door.
 21039 | Lair:3   | Found a staircase to the Snake Pit.
 21052 | Lair:3   | Noticed a seven-headed hydra
 21060 | Lair:3   | Killed a seven-headed hydra
 21061 | Lair:3   | Reached skill level 8 in Armour
 21098 | Lair:3   | Found a frozen archway.
 21130 | IceCv    | Entered an ice cave
 21623 | IceCv    | Noticed a reaper
 21793 | IceCv    | Killed a reaper
 22496 | Lair:3   | Reached skill level 9 in Armour
 22554 | Lair:3   | Reached XP level 14. HP: 98/102 MP: 14/14
 23022 | Lair:3   | Reached skill level 5 in Evocations
 23612 | Lair:4   | Reached skill level 10 in Armour
 23787 | Lair:4   | Noticed Josephine
 23799 | Lair:4   | Killed Josephine
 23804 | Lair:4   | Reached skill level 10 in Shields
 23979 | Lair:4   | Found a staircase to the Shoals.
 24375 | Lair:4   | Found a hazy altar of Hepliaklqana.
 24946 | Orc:1    | Killed Jorgrun
 25106 | Orc:2    | Entered Level 2 of the Orcish Mines
 25208 | Orc:2    | Reached skill level 11 in Armour
 25412 | Orc:2    | Found Koutaxt's Armour Shop.
 25427 | Orc:2    | Bought a +0 pair of boots of running for 409 gold pieces
 25662 | Orc:2    | Found a staircase to the Elven Halls.
 25730 | Orc:2    | Paralysed by an orc sorcerer for 6 turns
 25885 | Orc:2    | Noticed an orc warlord
 25974 | Orc:1    | Killed an orc warlord
 26152 | Orc:2    | Received a gift from Trog
 26961 | Orc:2    | Found a roughly hewn altar of Beogh.
 27013 | Orc:2    | Found Lid Sofu's Book Emporium.
 27059 | Orc:2    | Reached skill level 12 in Armour
 27160 | Orc:2    | Found Lucig's Antique Weapon Emporium.
 27200 | Orc:2    | Found Biumib's General Store.
 27216 | Orc:2    | Found Rounir's Antique Armour Emporium.
 27996 | D:10     | Reached XP level 15. HP: 109/109 MP: 15/15
 28044 | D:12     | Noticed a storm dragon
 28484 | Snake:1  | Entered Level 1 of the Snake Pit
 29121 | Elf:1    | Entered Level 1 of the Elven Halls
 30168 | Elf:1    | Reached skill level 13 in Armour
 30314 | Elf:1    | Received a gift from Trog
 30512 | Elf:1    | Noticed a deep elf sorcerer
 30521 | Elf:1    | Killed a deep elf sorcerer
 30647 | Orc:2    | Bought the +3 pair of gauntlets of War {Slay+5} for 1235
                  | gold pieces
 30647 | Orc:2    | Found the +3 pair of gauntlets of War {Slay+5}
 30856 | Elf:1    | Found the +7 Kryia's mail coat {PotionHeal*2 rC+}
 30982 | Elf:1    | Noticed a deep elf sorcerer
 31002 | Elf:1    | Killed a deep elf sorcerer
 31175 | Elf:1    | Identified a scroll of acquirement
 31175 | Elf:1    | Acquired the +10 war axe of Fate {vorpal, rF++ Dex+3}
 31533 | Elf:1    | Reached skill level 10 in Evocations
 31533 | Elf:1    | Reached XP level 16. HP: 117/117 MP: 16/16
 31793 | Elf:2    | Reached skill level 14 in Armour
 32038 | Elf:2    | Reached XP level 17. HP: 116/123 MP: 17/17
 32090 | Elf:2    | Received a gift from Trog
 32331 | Elf:2    | Found a shimmering blue altar of Sif Muna.
 32375 | Elf:2    | Found a runed translucent gate.
 32375 | Elf:2    | Found a runed translucent gate.
 32375 | Elf:2    | Found a runed translucent gate.
 32592 | Elf:2    | Noticed a deep elf blademaster
 32611 | Elf:2    | Killed a deep elf blademaster
 34118 | D:12     | Killed a storm dragon
 34250 | D:12     | Found the +8 arc blade {discharge, rElec}
 35016 | D:13     | Reached skill level 15 in Armour
 35232 | D:13     | Identified the +3 scale mail "Moggouqa" {+Inv rF+++ Will+
                  | Int-4} (You found it on level 13 of the Dungeon)
 35357 | D:13     | Identified the cursed +0 chain mail of the Jolly Wars {rC+}
                  | (You found it on level 13 of the Dungeon)
 35391 | D:13     | Found a gate to the Vaults.
 36624 | D:15     | Entered Level 15 of the Dungeon
 36636 | D:15     | Reached XP level 18. HP: 97/132 MP: 18/18
 36874 | D:15     | Received a gift from Trog
 37142 | D:15     | Reached skill level 15 in Shields
 37390 | D:15     | Found a staircase to the Depths.
 38151 | Shoals:1 | Entered Level 1 of the Shoals
 39150 | Shoals:2 | Received a gift from Trog
 39448 | Shoals:2 | Found Feder's General Store.
 39476 | Shoals:2 | Bought an uncursed ring of poison resistance for 260 gold
                  | pieces
 39866 | Shoals:3 | Noticed Polyphemus
 39945 | Shoals:3 | Noticed Kirke
 39952 | Shoals:3 | Killed Kirke
 39953 | Shoals:3 | Reached skill level 16 in Armour
 40359 | Shoals:3 | Killed Polyphemus
 40421 | Shoals:3 | Identified the +1 scale mail of Zeumum {-Tele Harm Stlth+}
                  | (You found it on level 3 of the Shoals)
 40466 | Shoals:3 | Noticed Bai Suzhen
 40494 | Shoals:3 | Killed Bai Suzhen
 40495 | Shoals:3 | Reached skill level 15 in Fighting
 40759 | Shoals:3 | Noticed Roxanne
 41240 | Snake:1  | Reached XP level 19. HP: 127/139 MP: 19/19
 41289 | Snake:1  | You fall into a shaft and drop 1 floor!
 41946 | Snake:1  | Received a gift from Trog
 42490 | Snake:2  | Noticed Vashnia
 42528 | Snake:2  | Killed Vashnia
 43080 | Snake:2  | Noticed Aizul
 43093 | Snake:2  | Killed Aizul
 43289 | Snake:2  | Noticed Frances
 43299 | Snake:2  | Killed Frances
 43500 | Snake:2  | You fall into a shaft and drop 1 floor!
 43569 | Snake:2  | Noticed Nikola
 43577 | Snake:2  | Killed Nikola
 43981 | Snake:3  | Noticed Donald
 43982 | Snake:3  | Noticed Azrael
 44283 | Snake:2  | Killed Azrael
 44439 | Snake:3  | Killed Donald
 44705 | Snake:3  | Got a smoking wooden ring
 44706 | Snake:3  | Identified the ring of Yzeecsam {rPois Stlth+} (You found
                  | it on level 3 of the Snake Pit)
 44971 | Snake:3  | Found Enoffeg's Antique Armour Boutique.
 44972 | Snake:3  | Found Togeneg's Assorted Antiques.
 44972 | Snake:3  | Found Uliampud's Book Shop.
 44975 | Snake:3  | Found Singet's General Store.
 45150 | Snake:3  | Reached skill level 17 in Armour
 45309 | Snake:4  | Entered Level 4 of the Snake Pit
 45309 | Snake:4  | Noticed Agnes
 45402 | Snake:4  | Killed Agnes
 46349 | Snake:4  | Reached XP level 20. HP: 147/147 MP: 20/20
 46701 | Snake:4  | Received a gift from Trog
 46702 | Snake:4  | Identified the +9 broad axe of Zoif {vorpal, *Noise rPois
                  | Will- Dex+8} (Trog gifted it to you on level 4 of the Snake
                  | Pit)
 48428 | Snake:4  | Got a serpentine rune of Zot
 48742 | Shoals:4 | Entered Level 4 of the Shoals
 50455 | Shoals:4 | Got a barnacled rune of Zot
 50846 | Shoals:4 | Identified Ampuyckute's Guide on Hexes
 51594 | Vaults:1 | Entered Level 1 of the Vaults
 52325 | Vaults:1 | Reached skill level 15 in Evocations
 52489 | Vaults:1 | Reached skill level 18 in Armour
 52489 | Vaults:1 | Reached XP level 21. HP: 154/154 MP: 21/21
 52764 | Vaults:1 | Found a huge runed gate.
 52764 | Vaults:1 | Found a huge runed gate.
 52764 | Vaults:1 | Found a huge runed gate.
 52764 | Vaults:1 | Found a huge runed gate.
 52764 | Vaults:1 | Found a huge runed gate.
 52764 | Vaults:1 | Found a huge runed gate.
 52765 | Vaults:1 | Found a huge runed gate.
 52765 | Vaults:1 | Found a huge runed gate.
 52765 | Vaults:1 | Found a huge runed gate.
 52765 | Vaults:1 | Found a huge runed gate.
 52765 | Vaults:1 | Found a huge runed gate.
 52766 | Vaults:1 | Found a huge runed gate.
 52776 | Vaults:1 | Found a huge runed gate.
 52776 | Vaults:1 | Found a huge runed gate.
 52787 | Vaults:1 | Found a huge runed gate.
 52792 | Vaults:1 | Found a huge runed gate.
 52792 | Vaults:1 | Found a huge runed gate.
 52792 | Vaults:1 | Found a huge runed gate.
 52792 | Vaults:1 | Found a huge runed gate.
 52792 | Vaults:1 | Found a huge runed gate.
 52792 | Vaults:1 | Found a huge runed gate.
 52793 | Vaults:1 | Found a huge runed gate.
 52794 | Vaults:1 | Found a huge runed gate.
 52795 | Vaults:1 | Found a huge runed gate.
 52803 | Vaults:1 | Found a huge runed gate.
 52803 | Vaults:1 | Found a huge runed gate.
 52803 | Vaults:1 | Found a huge runed gate.
 52803 | Vaults:1 | Found a huge runed gate.
 52803 | Vaults:1 | Found a huge runed gate.
 52803 | Vaults:1 | Found a huge runed gate.
 52804 | Vaults:1 | Found a huge runed gate.
 52805 | Vaults:1 | Found a huge runed gate.
 52806 | Vaults:1 | Found a huge runed gate.
 52814 | Vaults:1 | Found a huge runed gate.
 52814 | Vaults:1 | Found a huge runed gate.
 52814 | Vaults:1 | Found a huge runed gate.
 53434 | Vaults:1 | Paralysed by a floating eye for 4 turns
 53569 | Vaults:1 | Received a gift from Trog
 53840 | Vaults:1 | Paralysed by a floating eye for 4 turns
 54297 | Vaults:2 | Found Dedetoc's Jewellery Shop.
 55396 | Vaults:2 | Found Gefeot's Armour Boutique.
 55746 | Vaults:2 | Reached ****** piety under Trog
 56000 | Vaults:2 | Found Amniaz's Magic Scroll Shoppe.
 56006 | Vaults:2 | Received a gift from Trog
 56078 | Vaults:2 | Bought a scroll of teleportation for 39 gold pieces
 56098 | Vaults:2 | Found Qomex's Weapon Shop.
 56101 | Vaults:2 | Found Utuid's General Store.
 56110 | Vaults:2 | Bought a scroll of teleportation for 54 gold pieces
 56497 | Vaults:3 | Reached XP level 22. HP: 162/162 MP: 22/22
 57078 | Vaults:3 | Noticed Asterion
 57470 | Vaults:3 | Reached skill level 19 in Armour
 57769 | Vaults:3 | Received a gift from Trog
 58216 | Vaults:3 | Found a staircase to the Crypt.
 59227 | Vaults:3 | Found a staircase to the Crypt.
 59508 | Vaults:3 | Killed Asterion
 60553 | Vaults:4 | Received a gift from Trog
 60665 | Vaults:4 | Acquired a scarf of invisibility
 61575 | Vaults:4 | Reached XP level 23. HP: 166/171 MP: 23/23
 62695 | Depths:1 | Entered Level 1 of the Depths
 62695 | Depths:1 | Found a gateway to Hell.
 62716 | Depths:1 | Paralysed by a great orb of eyes for 6 turns
 62946 | Elf:3    | Entered Level 3 of the Elven Halls
 63097 | Elf:3    | Received a gift from Trog
 63453 | Elf:3    | Identified the cursed +1 robe of the Unbroken {Str+2}
 63947 | Elf:3    | Identified the +8 trident "Doejuf" {flame, Will+ Str-3
                  | Stlth+}
 63947 | Elf:3    | Identified the +0 steam dragon scales of Uniojubb {Harm
                  | rElec Int+4}
 63947 | Elf:3    | Identified the amulet "Riatoq" {Faith rN+ Dex+4}
 64121 | Elf:3    | Reached skill level 20 in Armour
 64137 | Elf:3    | Received a gift from Trog
 64565 | Elf:3    | Identified the +4 short sword of Tiene {flame, +Fly Will+
                  | MP-9 Int+2}
 66192 | Depths:1 | Reached XP level 24. HP: 179/179 MP: 23/23
 66668 | Depths:1 | Identified the Catalogue of Battle Magic
 66852 | Depths:1 | You fall into a shaft and drop 1 floor!
 67489 | Depths:2 | Found a runed translucent gate.
 67489 | Depths:2 | Found a runed translucent gate.
 67490 | Depths:2 | Found an opulent altar of Gozag.
 67490 | Depths:2 | Found a runed translucent gate.
 67492 | Depths:2 | Found Ufeuproy's Assorted Antiques.
 67492 | Depths:2 | Noticed Cophel's ghost (adept TrMo)
 68284 | Depths:2 | Received a gift from Trog
 70730 | Depths:3 | Found a one-way gate leading to the halls of Pandemonium.
 71080 | Depths:3 | Noticed a caustic shrike
 71094 | Depths:3 | Killed a caustic shrike
 71492 | Depths:3 | Identified the +8 trident of Saocw {vorpal, *Contam +Fly
                  | SInv}
 71689 | Depths:4 | Noticed an ancient lich
 71699 | Depths:4 | Killed an ancient lich
 71700 | Depths:4 | Reached skill level 21 in Armour
 71700 | Depths:4 | Reached XP level 25. HP: 186/186 MP: 23/23
 71746 | Depths:4 | Acquired 499 gold pieces
 71747 | Depths:4 | Acquired 749 gold pieces
 71791 | Depths:4 | Acquired the ring "Neruih" {rN+ Dex+6}
 71953 | Depths:4 | Found a one-way gate to the infinite horrors of the Abyss.
 72152 | Depths:4 | Noticed a juggernaut
 72182 | Depths:3 | Killed a juggernaut
 73380 | Depths:4 | Identified the amulet of the Cricket {Acrobat rElec Int+4
                  | Stlth-} (You found it on level 4 of the Depths)
 73878 | Depths:4 | Identified the cursed +0 ring mail of Hepliaklqana's Favour
                  | {*Corrode rF+ Int+8 Dex-5} (You found it on level 4 of the
                  | Depths)
 74652 | Depths:5 | Entered Level 5 of the Depths
 75092 | Depths:5 | Reached skill level 5 in Dodging
 75540 | Depths:5 | Found a gate to the Realm of Zot.
 75601 | Depths:5 | Found Efrid's Weapon Shoppe.
 75636 | Depths:5 | Noticed antidepressant22's ghost (veteran GrFi)
 75637 | Depths:5 | Noticed an ancient lich
 75691 | Depths:5 | Found a runed translucent door.
 75691 | Depths:5 | Found a runed translucent door.
 75860 | Depths:5 | Reached XP level 26. HP: 152/194 MP: 23/23
 76359 | Depths:5 | Found a gateway to a ziggurat.
 77108 | Vaults:5 | Entered Level 5 of the Vaults
 77407 | Vaults:5 | Identified the +1 chain mail of the Volcano {rN+ Int+4}
 77451 | Vaults:5 | Reached skill level 22 in Armour
 77571 | Vaults:5 | Identified the amulet "Gicogh Ruoz" {Spirit rPois rC+}
 77871 | Vaults:5 | Identified the ring of the Turtle {Will+ Dex+4}
 78005 | Vaults:5 | Identified the +3 ring mail of Morality {rF+ rN+ Dex-3}
 78210 | Vaults:5 | Received a gift from Trog
 78496 | Vaults:5 | Identified the cursed +1 lajatang of Kimuanlisar {pain,
                  | rC+}
 78500 | Vaults:5 | Identified the +4 long sword of the Shouting Traitor {pain,
                  | +Fly rC- Str+3 Dex+9}
 78826 | Vaults:5 | Reached XP level 27. HP: 201/201 MP: 23/23
 79200 | Vaults:5 | Got a silver rune of Zot
 79592 | Vaults:5 | Received a gift from Trog
 79605 | Vaults:5 | Reached skill level 10 in Dodging
 80542 | Vaults:2 | Bought a scroll of magic mapping for 45 gold pieces
 80542 | Vaults:2 | Bought a scroll of fear for 45 gold pieces
 80542 | Vaults:2 | Bought a scroll of enchant armour for 97 gold pieces
 80542 | Vaults:2 | Bought a scroll of enchant weapon for 97 gold pieces
 80544 | Vaults:2 | Bought a scroll of fear for 45 gold pieces
 80568 | Vaults:2 | Bought a scroll of enchant weapon for 135 gold pieces
 80568 | Vaults:2 | Bought a wand of digging (5) for 324 gold pieces
 80945 | Snake:3  | Bought a scroll of teleportation for 57 gold pieces
 81221 | Orc:2    | Bought a scroll of enchant armour for 82 gold pieces
 81520 | Shoals:2 | Bought a scroll of magic mapping for 45 gold pieces
 81520 | Shoals:2 | Bought a scroll of fog for 26 gold pieces
 83439 | Snake:3  | Bought a glowing hat for 308 gold pieces
 83776 | Zot:1    | Entered Level 1 of the Realm of Zot
 83854 | Zot:1    | Reached skill level 1 in Throwing
 85276 | Zot:2    | Noticed an orb of fire
 85276 | Zot:2    | Noticed an orb of fire
 85280 | Zot:2    | Noticed a Killer Klown
 85281 | Zot:2    | Gained mutation: Your body sometimes deteriorates upon
                  | taking damage. [an orb of fire]
 85287 | Zot:2    | Gained mutation: You are dopey. (Int -2) [an orb of fire]
 85288 | Zot:2    | Gained mutation: You are very dopey. (Int -4) [an orb of
                  | fire]
 85594 | Zot:2    | Gained mutation: Your magical capacity is low. (-10% MP)
                  | [an orb of fire]
 85606 | Zot:2    | Killed an orb of fire
 85616 | Zot:2    | Killed a Killer Klown
 85705 | Zot:2    | Killed an orb of fire
 85706 | Zot:2    | Reached skill level 5 in Throwing
 86267 | Zot:2    | Reached skill level 23 in Armour
 88111 | Zot:3    | Noticed an orb of fire
 88122 | Zot:3    | Killed an orb of fire
 88199 | Zot:3    | Acquired 853 gold pieces
 88200 | Zot:3    | Acquired a manual of Evocations
 88201 | Zot:3    | Acquired the +0 cloak of Hairiness {rC- rN++ Regen+ Int+3}
 88389 | Zot:3    | Found a transporter.
 88389 | Zot:3    | Noticed kuzco6543's ghost (legendary DEAE)
 88390 | Zot:3    | Identified the +5 rapier of Profit {holy, *Noise rPois rF++
                  | Int+3} (You found it on level 3 of the Realm of Zot)
 88432 | Zot:3    | Noticed an orb of fire
 88448 | Zot:3    | Killed an orb of fire
 88448 | Zot:3    | Received a gift from Trog
 89811 | Zot:3    | Noticed a Killer Klown
 89834 | Zot:3    | Killed a Killer Klown
 90143 | Zot:3    | Found a transporter.
 92910 | Zot:5    | Entered Level 5 of the Realm of Zot
 93305 | Zot:5    | Reached skill level 24 in Armour
 95984 | Zot:5    | Noticed an ancient lich
 96420 | Zot:5    | Killed an ancient lich
 96564 | Zot:5    | Noticed an ancient lich
 96582 | Zot:5    | Killed an ancient lich
 96628 | Zot:5    | Noticed an ancient lich
 96633 | Zot:5    | Killed an ancient lich
 96638 | Zot:5    | Noticed an ancient lich
 96662 | Zot:5    | Paralysed by an ancient lich for 5 turns
 96667 | Zot:5    | Killed an ancient lich
 97001 | Zot:5    | Noticed an ancient lich
 97040 | Zot:5    | Killed an ancient lich
 97116 | Zot:5    | Noticed an orb of fire
 97140 | Zot:5    | Killed an orb of fire
 97141 | Zot:5    | Reached skill level 15 in Dodging
 97679 | Zot:5    | Noticed an ancient lich
 97703 | Zot:5    | Killed an ancient lich
 97867 | Zot:5    | Noticed an ancient lich
 97871 | Zot:5    | Noticed an ancient lich
 97878 | Zot:5    | Noticed a Killer Klown
 97883 | Zot:5    | Killed an ancient lich
 97888 | Zot:5    | Killed an ancient lich
 97913 | Zot:5    | Killed a Killer Klown
 97995 | Zot:5    | Noticed an ancient lich
 98010 | Zot:5    | Killed an ancient lich
 98117 | Zot:5    | Noticed an ancient lich
 98153 | Zot:5    | Killed an ancient lich
 98221 | Zot:5    | Noticed an orb of fire
 98233 | Zot:5    | Gained mutation: Your body often deteriorates upon taking
                  | damage. [an orb of fire]
 98253 | Zot:5    | Killed an orb of fire
 98497 | Zot:5    | Reached skill level 25 in Armour
 98589 | Zot:5    | Got the Orb of Zot
 98924 | D:11     | Noticed a seraph
 98942 | D:11     | Killed a seraph
 98997 | D:10     | Noticed Waalets the pandemonium lord
 99228 | D:$      | Escaped with the Orb!

Illustrated notes

Levels and vault maps discovered:
D:1:      lightli_iron_boxes, layout_basic, okawaru_ov_weapons_minmay
D:2:      layout_basic
D:3:      layout_loops_cross, chequers_ecumenical_altar_island,
          dk_noncrumbling_4, minivault_23
D:4:      layout_loops_ring, kennysheep_little_box, serial_shops, shop
D:5:      layout_basic, minmay_stone_trees_small, tgw_xom
D:6:      layout_loops_corners
D:7:      layout_cave_pools, minmay_temple_entry_trees, serial_gnoll_camp,
          gnoll_camp_mini_loothouse, gnoll_camp_mini_doghouse,
          gnoll_camp_medium_02, gnoll_camp_mini_basic, gnoll_camp_mini_shop
D:8:      layout_basic, old_standard_altar, nicolae_overflow_hidden_temple,
          fedhas_altar_1
D:9:      layout_basic, minivault_27
D:10:     wander_river, layout_irregular_city, minmay_orc_entry_temple_small,
          enter_bailey_6, minmay_guarded_unrand_staff_of_olgreb
D:11:     layout_loops_cross, grunt_lair_entry_orc_guard_hut
D:12:     minmay_shoctagon, layout_irregular_city
D:13:     layout_gridville, hangedman_vaults_entry_quadrant_bands
D:14:     layout_cave_pods, minivault_24
D:15:     hangedman_depths_entry_civil_slaughter, layout_gridville,
          hangedman_abyss_or_decor_stabs
Temple:   eino_narrow_crystal_temple
Lair:1:   layout_hall_layers, beast_lair_carwin_11, uniq_fannar, uniq_erica
Lair:2:   gammafunk_lair_enchanted_lake, layout_regular_city,
          grunt_megastairs_4, infiniplex_staircase_pool_2, serial_bayou_shore_a,
          uniq_urug
Lair:3:   layout_chaotic_city, guppyfry_snake_entry_garden,
          portal_ice_cave_demonic_guard, serial_bayou_pond_b
Lair:4:   layout_cave_pods, shoals_dummy_entry, lemuel_oklob_altar,
          uniq_josephine
Lair:5:   layout_hall_layers, special_room [special_room_bee], basic_altar,
          enter_volcano_2, serial_bayou_pond_e, serial_bayou_pond_e,
          minmay_lindwurm_lava, uniq_sonja, uniq_nessos
Shoals:1: layout_shoals
Shoals:2: layout_shoals, serial_shops, shop, nicolae_shoals_this_corrosion
Shoals:3: layout_shoals, uniq_kirke, uniq_bai_suzhen, uniq_roxanne,
          uniq_polyphemus
Shoals:4: shoals_end_grunt_ice, layout_shoals
Snake:1:  layout_grid_maze, nicolae_snake_linked_coils, grunt_megastairs_2
Snake:2:  layout_cave_shapes, guppyfry_library_mini, uniq_nikola, uniq_vashnia,
          uniq_aizul, uniq_frances
Snake:3:  layout_onion, minmay_shoptagon, uniq_azrael, uniq_donald
Snake:4:  snake_pit, layout_onion_interference, uniq_agnes
Orc:1:    layout_caves, uniq_jorgrun
Orc:2:    grunt_orc_cross, layout_diamond_mine, serial_shops, shop
Elf:1:    layout_geoelf_diagonals, hangedman_elf_disciples
Elf:2:    layout_geoelf_octagon, lemuel_statue_altar
Elf:3:    minmay_elf_hall_furrowed, layout_rooms
Vaults:1: v_misc_31, nicolae_vaults_shelves_hall, nicolae_vaults_ninety_degrees,
          v_misc_33, vaults_door_vault, nicolae_vaults_network_quincunx
          [nicolae_vaults_network_quincunx_subvault,
          nicolae_vaults_network_quincunx_subvault,
          nicolae_vaults_network_quincunx_subvault,
          nicolae_vaults_network_quincunx_subvault,
          nicolae_vaults_network_quincunx_subvault], vaults_room_fours,
          v_misc_10, nicolae_vaults_asterisk, vaults_room_stairs_pillars,
          vaults_room_pools, nicolae_vaults_specimen_jars,
          layout_vaults_omnicross
Vaults:2: special_room_vaults [special_room_orc], ontoclasm_vaults_eye,
          nicolae_vaults_little_ls, hangedman_vaults_impose,
          vaults_dpeg_diagonal, vaults_dpeg_hooks,
          nicolae_vaults_diagonal_hallway_6, v_misc_5, layout_vaults_big_room,
          serial_shops, shop, shop_fountains, shop, shop, shop
Vaults:3: hangedman_vaults_locks, v_alt_pattern_6,
          minmay_crypt_entry_simple_walls, vaults_room_corners, v_misc_26,
          ontoclasm_vaults_spin, nicolae_vaults_border_crossing,
          nicolae_vaults_theta, ontoclasm_vaults_idyll,
          layout_vaults_maze_snakey, uniq_asterion
Vaults:4: ontoclasm_vaults_shuriken, nicolae_vaults_circle_grid_b, v_misc_15,
          v_misc_23, nicolae_vaults_little_squares_6, vaults_mumra_hexcomb,
          nicolae_vaults_an_arrangement, ontoclasm_vaults_chip,
          dpeg_vaults_monster_box, layout_vaults_omnigrid
Vaults:5: serial_shops
Depths:1: layout_cave_pools, hell_entry, grunt_decor_one_mirror, hex_large,
          chequers_big_river, kennysheep_just_a_vault
Depths:2: minmay_tri_stars, layout_gridlike, ebering_ghost_gozag,
          minmay_misc_feat_four_crosses, grunt_hell_entry_dis_old,
          infiniplex_staircase_river
Depths:3: lemuel_traditional_vault, layout_basic, serial_aquarium,
          aquarium_bridge_square [aquarium_subvault_wall,
          aquarium_subvault_bridge, aquarium_subvault_bridge,
          aquarium_subvault_wall], aquarium_window_fake, aquarium_window_2,
          aquarium_window_fake, aquarium_view_2c, aquarium_view_2d,
          aquarium_pool_1, pan_entry, pf_hell_entry_tar_river,
          chequers_serial_rivers_room_b, infiniplex_staircase_zigzag_3
Depths:4: vault_1, layout_small_grid, hangedman_abyss_entry_splay,
          nicolae_water_bricks, pf_hell_entry_great_geh, minmay_misc_feat_roman,
          minmay_librarian
Depths:5: evilmike_zot_entry_diamond, layout_gridville, enter_ziggurat_f,
          serial_shops, shop_statue, hell_entry, muffindrake_ghost_dual_entry,
          grunt_decor_resistance
Zot:1:    layout_onion_interference
Zot:2:    layout_concentric_octagons
Zot:3:    nicolae_zot_stationary_front, layout_cathedral_of_symmetry,
          gammafunk_ghost_arena, st_stairs_5, st_single_dragon_hoard_1,
          grunt_ministairs_14
Zot:4:    layout_misc_corridors
Zot:5:    layout_misc_corridors

Skill      XL: |  1  2  3  4  5  6  7  8  9 10 11 12 13 14 15 16 17 18 19 20 21 22 23 24 25 26 27 |
---------------+----------------------------------------------------------------------------------+-----
Fighting       | 3 4 5 6 7 8 10 11 12 13 14 15 16 17 18 19 20 22 | 22.7
Axes           | 4 5 6 7 9 10 12 14 15 16 | 16.0
Shields        | 3 9 12 13 14 15 16 17 18 19 20 21 | 21.0
Armour         | 4 9 12 13 14 15 16 17 18 19 20 21 22 25 | 25.1
Evocations     | 4 7 10 12 13 14 15 16 17 18 19 23 | 23.5
Dodging        | 5 9 16 | 16.3
Throwing       | 6 |  6.0

Action                   |  1- 3 |  4- 6 |  7- 9 | 10-12 | 13-15 | 16-18 | 19-21 | 22-24 | 25-27 || total
-------------------------+-------+-------+-------+-------+-------+-------+-------+-------+-------++-------
Melee: Hand axe          |    95 |   168 |   354 |       |       |       |       |       |       ||   617
       War axe           |       |       |    55 |   670 |  1103 |   697 |  1214 |  1211 |  2250 ||  7200
       Morningstar       |       |       |       |    21 |    18 |       |       |       |       ||    39
Throw: Dart              |       |       |       |    42 |       |       |       |       |       ||    42
       Boomerang         |       |       |       |    15 |       |       |       |       |       ||    15
Invok: Berserk           |     5 |     9 |    16 |    31 |    35 |    11 |    18 |    24 |    52 ||   201
       Brothers in Arms  |       |       |     1 |     3 |     2 |     4 |     9 |    10 |     1 ||    30
       Trog's Hand       |       |       |       |     7 |     9 |    11 |    18 |    30 |    33 ||   108
Evoke: Wand              |       |       |     1 |       |     1 |       |     1 |     1 |    12 ||    16
       Box of beasts     |       |       |       |       |       |       |       |     1 |     3 ||     4
       Condenser vane    |       |       |       |       |       |       |       |       |     1 ||     1
       Phantom mirror    |       |       |       |       |       |       |       |       |     1 ||     1
  Use: Scroll            |       |       |    14 |    10 |    13 |     5 |    14 |     6 |    33 ||    95
       Potion            |       |       |       |     4 |     3 |       |     1 |     1 |     7 ||    16
 Stab: Sleeping          |     2 |     1 |       |       |       |       |       |       |       ||     3
       Invisible         |       |       |       |       |     2 |       |       |       |     2 ||     4
       Distracted        |       |       |       |       |       |     1 |     1 |     2 |     2 ||     6
       Confused          |       |       |       |       |       |       |       |       |     2 ||     2
Armor: Animal skin       |    22 |    13 |       |       |       |       |       |       |       ||    35
       Ring mail         |       |    22 |    90 |    43 |       |       |       |       |       ||   155
       Plate armour      |       |       |       |   214 |    44 |       |       |       |       ||   258
       Crystal plate arm |       |       |       |    13 |   377 |       |       |       |       ||   390
       Skin              |       |       |       |    37 |       |       |       |       |       ||    37
       Scale mail        |       |       |       |       |       |    39 |       |       |       ||    39
       Storm dragon scal |       |       |       |       |       |   116 |   352 |   328 |    33 ||   829
       Gold dragon scale |       |       |       |       |       |       |       |       |   547 ||   547
Dodge: Dodged            |    75 |   124 |   242 |   340 |   168 |   133 |   295 |   281 |   786 ||  2444
       Repelled          |       |       |       |       |    17 |     7 |    38 |       |       ||    62
Block: Other             |       |       |    42 |   190 |    12 |       |       |       |       ||   244
       Reflection        |       |       |     6 |     4 |    17 |    74 |   139 |    95 |    52 ||   387
       Buckler           |       |       |       |       |   487 |    51 |       |       |       ||   538
       Kite shield       |       |       |       |       |       |   461 |   818 |   703 |  1606 ||  3588
